 Dungeon Crawl Stone Soup version 0.20.1-1-g8b1a95d (webtiles) character file.

58 Vasilisck the Magician (level 3, -2/28 HPs)
             Began as a Draconian Transmuter on Dec 3, 2017.
             Slain by Sigmund
             ... wielding a +0 scythe
              (15 damage)
             ... on level 3 of the Dungeon.
             The game lasted 00:07:02 (1731 turns).

Vasilisck the Magician (Draconian Transmuter)       Turns: 1731, Time: 00:07:03

Health: -2/28      AC:  5    Str: 12    XL:     3   Next: 75%
Magic:  0/7        EV: 12    Int: 14    God:
Gold:   135        SH:  0    Dex: 11    Spells: 5/8 levels left

rFire    . . .     SeeInvis .     - Unarmed
rCold    . . .     Gourm    .   (no shield)
rNeg     . . .     Faith    .   (armour unavailable)
rPois    .         Spirit   .   (helmet restricted)
rElec    .         Reflect  .   (no cloak)
rCorr    .         Harm     .   (no gloves)
MR       .....                  (no boots)
Stlth    +.........             (no amulet)
Regen    0.1/turn               (no ring)
MPRegen  0.1/turn               (no ring)

@: confused, very slightly contaminated
A: unfitting armour, cold-blooded, AC +5
a: no special abilities


You were on level 3 of the Dungeon.
You were very hungry.

You visited 1 branch of the dungeon, and saw 3 of its levels.

You collected 135 gold pieces.

Inventory:

Missiles
 a - 8 arrows
Scrolls
 d - 3 scrolls of remove curse {unknown}
 f - 2 scrolls of identify {unknown}
 g - a scroll of amnesia {unknown}
 k - a scroll of fog {unknown}
 l - a scroll of teleportation {unknown}
 m - a scroll of fear {unknown}
Potions
 e - a potion of cancellation {unknown}
 h - a potion of degeneration {unknown}
 o - 2 potions of lignification {unknown}
 p - a potion of heal wounds {unknown}
Books
 b - a book of Changes

   Spells                             Type                      Level
   a - Beastly Appendage              Transmutation                1
   b - Sticks to Snakes               Transmutation                2
   c - Spider Form                    Transmutation/Poison         3
   d - Ice Form                       Ice/Transmutation            4
   e - Blade Hands                    Transmutation                5
Comestibles
 c - 5 bread rations
 i - 2 royal jellies
 j - 9 fruits


   Skills:
 - Level 1.1 Fighting
 - Level 1.7 Dodging
 - Level 3.0 Unarmed Combat
 + Level 3.2 Spellcasting
 + Level 3.0 Transmutations


You had 5 spell levels left.
You knew the following spells:

 Your Spells              Type           Power        Failure   Level  Hunger
a - Beastly Appendage     Tmut           ##....       6%          1    #......
b - Sticks to Snakes      Tmut           ##......     9%          2    ##.....


Dungeon Overview and Level Annotations

Branches:
Dungeon (3/15)

Altars:

Annotations:
D:3 Sigmund


Innate Abilities, Weirdness & Mutations

Your plain brown scales are hard. (AC +5)
You cannot fit into any form of body armour.
You are cold-blooded and may be slowed by cold attacks.


Message History

Your ball python bites Sigmund but does no damage.
Your ball python constricts Sigmund.
Sigmund hits you but does no damage.
You hit Sigmund but do no damage.
Sigmund is severely wounded.
Your ball python bites Sigmund.
Your ball python constricts Sigmund.
You hit Sigmund.
Sigmund is severely wounded.
Your ball python bites Sigmund.
Your ball python constricts Sigmund.
Sigmund gestures at you while chanting.
You are confused.
Your ball python bites Sigmund but does no damage.
Your ball python constricts Sigmund.
Are you sure you want to stumble around while confused and next to your ball python?
Okay, then.
Are you sure you want to stumble around while confused and next to your ball python?
You hit Sigmund.
Sigmund is almost dead.
Sigmund hits you with a scythe!
Ouch! That really hurt!
You die...

#.#.##....#.#.#<.)†
#.#.#.....+......(. .
##.#.#.....#.#.#.##. ..
...................
#.####.#.#######.#.#.##.
#.#......#.#######.#.#.##<
.......†......>....#.#.###
#?#..###.#.###.#####.#....
.........@.........#.#####
#.#..###@#S###.###.#.###
.. ..S#.............#
###.#...........#.#
............###.#
..#.###.....# #.# ##.#.#
#.....# #.# ..#.# #.....#
#.# ... #.....# #.#


You could see Sigmund and 2 friendly ball pythons.

Vanquished Creatures
  2 adders (D:2)
  2 worms (D:2)
  2 leopard geckos
  4 bats
  A giant cockroach (D:1)
  A goblin (D:2)
  5 hobgoblins
  4 jackals (D:1)
  5 kobolds
  2 frilled lizards (D:1)
  A rat (D:2)
29 creatures vanquished.

Vanquished Creatures (collateral kills)
  A rat (D:1)
1 creature vanquished.

Grand Total: 30 creatures vanquished

Notes
Turn   | Place    | Note
-------+----------+-------------------------------------------
     0 | D:1      | Vasilisck the Draconian Transmuter began the quest for the Orb.
     0 | D:1      | Reached XP level 1. HP: 16/16 MP: 3/3
    78 | D:1      | Reached XP level 2. HP: 18/23 MP: 3/5
    90 | D:1      | Learned a level 2 spell: Sticks to Snakes
   808 | D:2      | Reached XP level 3. HP: 21/28 MP: 4/7
  1709 | D:3      | Noticed Sigmund
  1731 | D:3      | Slain by Sigmund

Skill      XL: |  1  2  3 |
---------------+----------+-----
Spellcasting   | 3 |  3.2
Transmutations | 3 |  3.0
Fighting       | |  1.1
Dodging        | |  1.7
Unarmed Combat | |  3.0

Action                   || total
-------------------------++-------
Melee: Unarmed           ||   101
       Kick              ||     7
       Headbutt          ||    11
       Tailslap          ||    10
 Cast: Beastly Appendage ||    21
       Sticks to Snakes  ||     4
  Eat: Chunk             ||     2
Armor: Skin              ||    24
Dodge: Dodged            ||    58
